 Dungeon Crawl Stone Soup version 0.22-a0-355-g201945fe43 (webtiles) character file.

737 KleinerIrrer the Cleaver (level 7, -18/64 HPs)
             Began as a Naga Fighter on Apr 18, 2018.
             Demolished by Menkaure (21 damage)
             ... on level 5 of the Dungeon.
             The game lasted 00:01:45 (5373 turns).

KleinerIrrer the Cleaver (Naga Fighter)             Turns: 5373, Time: 00:01:46

Health: -18/64     AC:  7    Str: 20    XL:     7   Next: 74%
Magic:  7/7        EV:  3    Int:  9    God:
Gold:   190        SH:  8    Dex: 10    Spells: 6/6 levels left

rFire    . . .     SeeInvis +   Y - +1 war axe
rCold    . . .     Gourm    .   c - +0 shield
rNeg     . . .     Faith    .   o - +0 chain mail
rPois    +         Spirit   .   (no helmet)
rElec    .         Reflect  .   (no cloak)
rCorr    .         Harm     .   (no gloves)
MR       .....                  (no barding)
Stlth    ..........             (no amulet)
HPRegen  0.20/turn              (no ring)
MPRegen  0.10/turn              (no ring)

@: about to teleport, very slow
A: large, see invisible, deformed body, poison resistance, slowness 2, slow
metabolism 1, spit poison 1, AC +2
a: Spit Poison


You were on level 5 of the Dungeon.
You were not hungry.

You visited 1 branch of the dungeon, and saw 5 of its levels.

You collected 190 gold pieces.


Innate Abilities, Weirdness & Mutations

You cannot wear boots.
Your serpentine skin is tough. (AC +2)
You have supernaturally acute eyesight. (SInv)
Armour fits poorly on your strangely shaped body.
Your system is resistant to poisons. (rPois)
You cover ground very slowly.
You have a slow metabolism.
You can spit poison.


   Skills:
 - Level 4.1 Fighting
 - Level 8.0 Axes
 - Level 2.4 Armour
 + Level 0.1 Dodging
 - Level 2.4 Shields


You had 6 spell levels left.
You didn't know any spells.

Inventory:

Hand Weapons
 k - a +1 whip of electrocution
 Y - a +1 war axe (weapon)
Armour
 c - a +0 shield (worn)
 o - a +0 chain mail (worn)
Scrolls
 g - a scroll of teleportation
 l - 4 scrolls of remove curse
Potions
 a - a potion of flight {unknown}
 d - a potion of might
 f - a potion of resistance {unknown}
 h - a potion of curing {unknown}
 j - a potion of lignification {unknown}
 m - a potion of heal wounds
Comestibles
 b - 3 chunks of flesh
 e - 8 rations

Dungeon Overview and Level Annotations

Branches:
Dungeon (5/15)
 Temple: D:4-7

Altars:
Qazlal
Xom

Annotations:
D:5 Menkaure


Message History

The orc wizard blinks!
You barely miss Menkaure.
Menkaure is heavily damaged.
Menkaure hits you.
You hit Menkaure but do no damage.
Menkaure is heavily damaged.
You hit the orc but do no damage. The orc hits you. Menkaure hits you.
You block the orc's attack.
You hit Menkaure.
Menkaure is heavily damaged.
You hit the orc.
The orc wizard mumbles some strange words.
The orc wizard seems to speed up.
Menkaure grins.
Menkaure hits you!! The orc hits you but does no damage.
5373 ||| READING 2 scrolls of teleportation.
As you read the scroll of teleportation, it crumbles to dust.
You feel strangely unstable. Menkaure hits you!!
You die...

#.# # #.# ####. #.#
.....##.# ........#.#
........#.#
...M....#.#
#########.#.#######
###
.....oo@Mo......#..
..#
#########.#.###.#.#
#.# #######.#.###.#.#
#.# .........)..#<#.#
#.# #######.#.#.#.#.#
#.#
..<.....#(#.#...###.##
#########(#.#.........
#.#.#.......#.
#.#.#.#######.


You could see Menkaure, an orc wizard and 2 orcs.

Vanquished Creatures
  An ogre (D:4)
  A phantom (D:4)
  A centaur (D:5)
  A scorpion (D:4)
  A howler monkey (D:4)
  A hound (D:4)
  2 iguanas (D:4)
  4 orc wizards (D:4)
  A worker ant (D:3)
  A killer bee zombie (D:5)
  A gnoll (D:1)
  8 adders
  2 oozes
  2 worms
  2 dart slugs
  6 leopard geckos
  5 orcs
  A ball python (D:3)
  6 giant cockroaches
  7 hobgoblins
  2 jackals (D:3)
  6 bats
  6 frilled lizards
  4 goblins
  7 kobolds
  7 rats
86 creatures vanquished.

Notes
Turn   | Place    | Note
-------+----------+-------------------------------------------
     0 | D:1      | KleinerIrrer the Naga Fighter began the quest for the Orb.
     0 | D:1      | Reached XP level 1. HP: 21/21 MP: 1/1
     0 | D:1      | 0 ||| counter = 5
    74 | D:1      | 74 ||| INVOKING Spit Poison.
   114 | D:1      | 114 ||| INVOKING Spit Poison.
   115 | D:1      | 115 ||| INVOKING Spit Poison.
   150 | D:1      | 150 ||| INVOKING Spit Poison.
   151 | D:1      | 151 ||| INVOKING Spit Poison.
   256 | D:1      | 256 ||| INVOKING Spit Poison.
   270 | D:1      | 270 ||| INVOKING Spit Poison.
   316 | D:1      | 316 ||| DROPPING club.
   321 | D:1      | 321 ||| INVOKING Spit Poison.
   323 | D:1      | Reached XP level 2. HP: 28/28 MP: 2/2
   329 | D:1      | Reached skill level 3 in Axes
   556 | D:1      | Reached XP level 3. HP: 22/34 MP: 3/3
  1124 | D:1      | 1124 ||| READING scroll labeled KONEMINOEH.
  1125 | D:1      | 1125 ||| READING scroll labeled LOEL YHYTTO.
  1126 | D:1      | 1126 ||| READING scroll labeled XUISTR JOEN.
  1131 | D:1      | 1131 ||| READING scroll labeled LAS BOISOCKEUTWE.
  1132 | D:1      | 1132 ||| DRINKING 2 smoky white potions.
  1221 | D:2      | 1221 ||| INVOKING Spit Poison.
  1338 | D:2      | 1338 ||| INVOKING Spit Poison.
  1451 | D:2      | 1451 ||| INVOKING Spit Poison.
  1456 | D:2      | 1456 ||| INVOKING Spit Poison.
  1461 | D:2      | 1461 ||| INVOKING Spit Poison.
  1467 | D:2      | 1467 ||| INVOKING Spit Poison.
  1472 | D:2      | Reached skill level 4 in Axes
  1477 | D:2      | 1477 ||| INVOKING Spit Poison.
  1492 | D:2      | 1492 ||| INVOKING Spit Poison.
  1531 | D:2      | 1531 ||| INVOKING Spit Poison.
  1548 | D:2      | Reached XP level 4. HP: 29/42 MP: 4/4
  1726 | D:2      | 1726 ||| INVOKING Spit Poison.
  1746 | D:2      | 1746 ||| INVOKING Spit Poison.
  1811 | D:2      | 1811 ||| INVOKING Spit Poison.
  1866 | D:2      | 1866 ||| INVOKING Spit Poison.
  1874 | D:2      | 1874 ||| INVOKING Spit Poison.
  1875 | D:2      | 1875 ||| INVOKING Spit Poison.
  1919 | D:2      | 1919 ||| INVOKING Spit Poison.
  2275 | D:3      | 2275 ||| STAIRDANCE
  2435 | D:3      | 2435 ||| INVOKING Spit Poison.
  2444 | D:3      | 2444 ||| INVOKING Spit Poison.
  2445 | D:3      | 2445 ||| INVOKING Spit Poison.
  2446 | D:3      | 2446 ||| INVOKING Spit Poison.
  2457 | D:3      | 2457 ||| INVOKING Spit Poison.
  2470 | D:3      | 2470 ||| INVOKING Spit Poison.
  2482 | D:3      | 2482 ||| INVOKING Spit Poison.
  2609 | D:3      | 2609 ||| INVOKING Spit Poison.
  2715 | D:3      | 2715 ||| INVOKING Spit Poison.
  2716 | D:3      | Reached skill level 5 in Axes
  2716 | D:3      | Reached XP level 5. HP: 49/49 MP: 5/5
  2790 | D:3      | 2790 ||| INVOKING Spit Poison.
  2796 | D:3      | 2796 ||| INVOKING Spit Poison.
  2867 | D:3      | 2867 ||| INVOKING Spit Poison.
  2868 | D:3      | 2868 ||| INVOKING Spit Poison.
  2923 | D:3      | 2923 ||| INVOKING Spit Poison.
  3093 | D:3      | 3093 ||| INVOKING Spit Poison.
  3136 | D:3      | 3136 ||| UPGRADING to chain mail.
  3146 | D:3      | 3146 ||| DROPPING +0 scale mail.
  3147 | D:3      | 3147 ||| READING 5 scrolls labeled QENLEY DEWN.
  3148 | D:3      | 3148 ||| UPGRADING to whip.
  3149 | D:3      | 3149 ||| SWAPPING to +1 war axe.
  3150 | D:3      | 3150 ||| UPGRADING to runed whip.
  3151 | D:3      | 3151 ||| SWAPPING to +1 war axe.
  3152 | D:3      | 3152 ||| DROPPING +0 whip.
  3153 | D:3      | 3153 ||| READING scroll labeled ABAFYTW YMECY.
  3187 | D:4      | Found a stormy altar of Qazlal.
  3204 | D:4      | 3204 ||| STAIRDANCE
  3391 | D:3      | 3391 ||| EATING 8 rations.
  3398 | D:4      | 3398 ||| INVOKING Spit Poison.
  3404 | D:4      | Noticed a water elemental
  3404 | D:4      | Noticed a fire elemental
  3404 | D:4      | Noticed an air elemental
  3415 | D:4      | 3415 ||| INVOKING Spit Poison.
  3417 | D:4      | Reached skill level 6 in Axes
  3420 | D:4      | Noticed a phantom
  3463 | D:4      | 3463 ||| STAIRDANCE
  3699 | D:4      | 3699 ||| STAIRDANCE
  3749 | D:4      | 3749 ||| STAIRDANCE
  3758 | D:3      | Reached XP level 6. HP: 20/56 MP: 6/6
  3762 | D:3      | HP: 14/56 [poisoned by a worker ant]
  3768 | D:3      | HP: 10/56 [poisoned by a worker ant]
  3774 | D:3      | HP: 7/56 [poisoned by a worker ant]
  3779 | D:3      | HP: 6/56 [poisoned by a worker ant]
  3786 | D:3      | HP: 5/56 [poisoned by a worker ant]
  3794 | D:3      | HP: 5/56 [poisoned by a worker ant]
  4083 | D:4      | 4083 ||| STAIRDANCE
  4135 | D:4      | 4135 ||| STAIRDANCE
  4207 | D:4      | 4207 ||| INVOKING Spit Poison.
  4217 | D:4      | Killed a phantom
  4217 | D:4      | Reached skill level 7 in Axes
  4225 | D:4      | 4225 ||| STAIRDANCE
  4297 | D:4      | 4297 ||| INVOKING Spit Poison.
  4320 | D:4      | 4320 ||| INVOKING Spit Poison.
  4321 | D:4      | Reached XP level 7. HP: 27/62 MP: 7/7
  4534 | D:4      | 4534 ||| INVOKING Spit Poison.
  4678 | D:4      | 4678 ||| INVOKING Spit Poison.
  4683 | D:4      | Reached skill level 8 in Axes
  4720 | D:4      | 4720 ||| INVOKING Spit Poison.
  4801 | D:4      | Found a shimmering altar of Xom.
  5007 | D:4      | 5007 ||| EATING 8 rations.
  5036 | D:5      | Entered Level 5 of the Dungeon
  5355 | D:5      | 5355 ||| INVOKING Spit Poison.
  5356 | D:5      | 5356 ||| INVOKING Spit Poison.
  5359 | D:5      | 5359 ||| INVOKING Spit Poison.
  5362 | D:5      | Noticed Menkaure
  5372 | D:5      | HP: 3/64 [Menkaure (18)]
  5373 | D:5      | 5373 ||| READING 2 scrolls of teleportation.
  5373 | D:5      | Demolished by Menkaure

Vault maps used:
D:1:      dpeg_arrival_central, minmay_pentomino_t4
D:2:      first_ration
D:4:      nicolae_overflow_crystal_walls, nicolae_qazlal_style_of_elements
D:5:      lightli_temple_of_fire, kennysheep_generic_room_6, uniq_blork_the_orc,
          uniq_duvessa, uniq_menkaure

Skill      XL: |  1  2  3  4  5  6  7 |
---------------+----------------------+-----
Axes           | 3 4 5 6 7 8 |  8.0
Fighting       | 4 |  4.1
Armour         | |  2.4
Dodging        | |  0.1
Shields        | |  2.4

Action                   |  1- 3 |  4- 6 |  7- 9 || total
-------------------------+-------+-------+-------++-------
Melee: War axe           |    71 |   140 |    57 ||   268
 Abil: Spit Poison       |    15 |    23 |     5 ||    43
  Use: Scroll            |     4 |     2 |     1 ||     7
       Potion            |     1 |       |       ||     1
  Eat: Chunk             |     2 |     5 |     1 ||     8
       Ration            |       |     1 |     1 ||     2
Armor: Scale mail        |    32 |    24 |       ||    56
       Chain mail        |       |    30 |    18 ||    48
Dodge: Dodged            |    12 |    19 |     5 ||    36
Block: Shield            |    28 |    61 |    23 ||   112

Table legend:
 A = Spawn XP
 B = Non-spawn XP
 C = Spawn XP percentage of total XP
 D = Spawn monster count
 E = Non-spawn monster count
 F = Spawn count percentage of total count
 G = Total turns spent on level
                    A         B        C        D         E        F      G
               +---------+---------+-------+---------+---------+-------+---------
         Total |       0 |    1053 |   0.0 |       0 |      86 |   0.0 |  5373
               +---------+---------+-------+---------+---------+-------+---------
           D:1 |       0 |      37 |   0.0 |       0 |      14 |   0.0 |  1149
           D:2 |       0 |      91 |   0.0 |       0 |      24 |   0.0 |  1153
           D:3 |       0 |     100 |   0.0 |       0 |      21 |   0.0 |  1748
           D:4 |       0 |     680 |   0.0 |       0 |      23 |   0.0 |   986
           D:5 |       0 |     145 |   0.0 |       0 |       4 |   0.0 |   337
               +---------+---------+-------+---------+---------+-------+---------
